Map: Winter's Gate LE

Players

xKawaiian

  • Race: Terran Terran
  • Spawn Location: 11:00

HolyHit - Winner!

  • Race: Protoss Protoss
  • Spawn Location: 5:00

VOD

Have the link to the VOD?

Description

Time

  • Played on: Sept. 6, 2019, 1:13 p.m.
  • Length: 9:25
Show
View Real Time Build Order
Export as new Build Order

xKawaiian Terran 

Build Orders: Liberator Opening 

Get SALT Encoding   

  12  0:00  SCV  
  13  0:12  SCV  
  14  0:17  Supply Depot  
  14  0:25  SCV  
  15  0:30  Refinery  
  15  0:38  SCV  
  16  0:44  Barracks  
  16  0:50  SCV  
  17  1:02  SCV  
  18  1:15  SCV  
  19  1:31  Orbital Command  
  19  1:33  Barracks Reactor  
  19  1:44  Command Center  
  19  1:58  SCV  
  19  2:00  Factory  
  20  2:09  Marine  
  20  2:10  Supply Depot, Marine  
  20  2:13  SCV  
  23  2:19  Refinery  
  23  2:33  SCV  
  24  2:41  Bunker  
  24  2:45  Starport  
  24  2:46  SCV  
  24  2:49  Hellion  
  24  2:51  Hellion  
  29  2:59  Orbital Command  
  28  3:06  Marine  
  28  3:12  Liberator  
  29  3:14  Hellion  
  29  3:18  Hellion  
  31  3:21  SCV  
  32  3:31  Barracks Tech Lab  
  35  3:34  SCV  
  35  3:36  SCV  
  41  3:51  SCV  
  39  3:55  SCV  
  39  3:59  Barracks  
  39  4:03  SCV  
  39  4:06  Siege Tank, Marine  
  39  4:07  Marine  
  39  4:08  SCV  
  46  4:12  Supply Depot  
  46  4:24  Supply Depot  
  46  4:26  Supply Depot  
  46  4:27  Barracks  
  46  4:34  Medivac, SCV x2  
  48  4:39  Siege Tank  
  48  4:42  Marine x2  
  53  4:46  SCV x2  
  53  4:52  Barracks Tech Lab  
  55  4:58  SCV x2  
  55  4:59  Marine  
  54  5:00  Marine  
  54  5:06  Medivac  
  58  5:10  SCV x2  
  58  5:11  Engineering Bay  
  58  5:13  Siege Tank  
  63  5:14  Marine x2  
  63  5:17  Marine x2  
  63  5:20  Combat Shield  
  67  5:22  SCV  
  67  5:23  SCV  
  67  5:27  Refinery  
  70  5:36  Barracks Reactor, SCV  
  70  5:39  Supply Depot  
  70  5:40  Supply Depot  
  70  6:01  Supply Depot, Medivac, SCV x2, Marine x3  
  80  6:04  Siege Tank  
  79  6:13  SCV x2, Marine x2  
  83  6:18  Marine x2  
  83  6:23  Barracks x2  
  83  6:24  Refinery  
  83  6:25  SCV x2  
  87  6:30  Marine  
  87  6:31  Marine  
  89  6:36  Siege Tank  
  89  6:37  SCV  
  89  6:39  Stimpack  
  93  6:45  Marine x3  
  87  6:56  Marine x2  
  87  6:57  Bunker  
  87  6:58  Bunker, Starport Reactor  
  87  7:00  SCV  
  90  7:04  Marauder  
  90  7:08  Siege Tank  
  94  7:10  Marine  
  94  7:18  Barracks Tech Lab, Barracks Reactor  
  94  7:21  Supply Depot  
  94  7:23  Supply Depot  
  94  7:27  Supply Depot  
  94  7:30  Supply Depot  
  94  7:43  Marauder, Medivac x2, Marine  
  101  7:44  Supply Depot  
  101  7:45  Siege Tank  
  96  7:51  Concussive Shells  
  96  7:54  Marauder, Marine  
  96  7:55  Marine  
  100  8:05  Marauder, Marine  
  102  8:11  Marine  
  104  8:13  Medivac x2  
  104  8:16  Marauder, Marine  
  104  8:17  Marine x3  
  114  8:21  Supply Depot  
  114  8:23  Marine  
  114  8:26  Marauder  
  117  8:29  Marine  
  118  8:34  Siege Tank, Marine  
  118  8:35  Marine x3  
  118  8:37  Marauder  
  127  8:41  Marine  
  127  8:47  Marauder, Marine  
  131  8:52  Marine x3  
  134  8:59  Marauder  
Show
View Real Time Build Order
Export as new Build Order

HolyHit Protoss - Winner!

Build Orders: 1 Gate Expand, Blink Stalkers, Colossus Rush 

Get SALT Encoding   

  12  0:01  Probe  
  13  0:13  Probe  
  14  0:18  Pylon  
  14  0:24  Probe  
  15  0:32  Probe  
  15  0:37  Gateway  
  15  0:41  Probe  
  16  0:47  Assimilator  
  17  0:51  Probe  
  18  1:03  Probe  
  19  1:15  Probe  
  20  1:27  Cybernetics Core  
  20  1:34  Nexus  
  20  1:38  Probe  
  21  1:44  Pylon  
  21  1:50  Probe  
  21  1:51  Assimilator  
  21  1:53  Adept  
  22  2:02  Probe  
  25  2:11  Warp Gate  
  25  2:14  Probe  
  26  2:17  Sentry  
  26  2:26  Probe  
  28  2:38  Probe  
  28  2:41  Stalker  
  31  2:44  Probe  
  31  2:50  Probe  
  33  2:52  Probe  
  33  2:57  Twilight Council  
  34  3:03  Probe  
  34  3:04  Probe  
  36  3:15  Probe  
  36  3:16  Probe  
  36  3:17  Stalker  
  38  3:23  Gateway  
  38  3:27  Probe  
  38  3:28  Robotics Facility  
  38  3:29  Shield Battery, Probe  
  40  3:36  Probe  
  41  3:41  Probe  
  42  3:48  Blink  
  42  3:50  Probe  
  42  3:54  Probe, Assimilator  
  42  3:55  Pylon  
  44  3:56  Assimilator  
  44  4:05  Stalker  
  46  4:10  Pylon  
  46  4:13  Probe x2  
  48  4:20  Nexus  
  48  4:22  Observer  
  49  4:25  Probe  
  50  4:33  Robotics Bay  
  50  4:36  Probe x2  
  50  4:38  Stalker  
  50  4:44  Probe  
  54  4:46  Observer  
  54  4:50  Stalker  
  58  4:53  Probe  
  58  4:54  Probe  
  58  4:57  Warp Prism  
  57  5:02  Observer, Pylon  
  57  5:08  Probe  
  57  5:13  Pylon  
  60  5:16  Colossus, Forge  
  60  5:18  Sentry  
  62  5:24  Pylon  
  63  5:34  Probe  
  63  5:35  Probe  
  69  5:39  Sentry  
  69  5:41  Pylon  
  71  5:46  Gateway, Extended Thermal Lance  
  71  5:48  Probe  
  71  5:49  Probe  
  72  5:52  Probe  
  72  5:55  Sentry  
  76  6:03  Stalker  
  78  6:06  Probe  
  78  6:09  Disruptor  
  79  6:17  Charge  
  82  6:21  Gateway  
  82  6:24  Gateway x2  
  82  6:28  Stalker x2  
  86  6:34  Shield Battery  
  86  6:36  Shield Battery  
  86  6:37  Probe  
  85  6:43  Colossus  
  85  6:45  Stalker  
  85  6:52  Stalker x2  
  83  7:05  Protoss Ground Armor Level 1  
  83  7:11  Stalker  
  83  7:12  Probe  
  86  7:16  Probe x2  
  86  7:17  Gateway  
  86  7:18  Gateway  
  86  7:20  Pylon  
  88  7:23  Pylon  
  88  7:25  Probe  
  88  7:28  Probe x2  
  91  7:30  Gravitic Drive  
  91  7:33  Stalker  
  91  7:36  Pylon  
  91  7:37  Probe, Stalker  
  96  7:40  Colossus  
  102  7:51  Probe  
  102  7:53  Pylon  
  103  8:00  Probe  
  103  8:01  Probe  
  103  8:04  Probe  
  103  8:05  Gateway  
  106  8:06  Assimilator  
  106  8:07  Templar Archives, Zealot x2  
  106  8:10  Assimilator  
  106  8:12  Probe  
  111  8:14  Zealot x3  
  111  8:18  Zealot  
  111  8:19  Zealot  
  121  8:23  Zealot  
  123  8:35  Zealot x5  
  133  8:45  Zealot x3  
  139  8:57  Zealot  
  141  9:05  Zealot x3  
  131  9:10  Stalker x5  
Tags
 
Add a new tag
Caveats
  • Supply blocks, unpowered buildings, or Contaminate may cause inaccurate times.
  • Supply counts are checked every 10 seconds.